 Dungeon Crawl Stone Soup version 0.31-a0-845-g9abc20d24f (webtiles) character file.

Game seed: 15919152428284597038

337 Nedwor the Slasher (level 6, -3/48 HPs)
             Began as a Merfolk Gladiator on Oct 2, 2023.
             Slain by Duvessa
             ... wielding a +0 rapier
              (9 damage)
             ... on level 4 of the Dungeon on Oct 3, 2023.
             The game lasted 00:04:50 (4666 turns).

Nedwor the Slasher (Merfolk Gladiator)              Turns: 4666, Time: 00:04:51

Health: -3/48      AC:  5    Str: 14    XL:     6   Next: 54%
Magic:  6/6        EV: 15    Int:  8    God:
Gold:   140        SH:  0    Dex: 17    Spells: 5/5 levels left

rFire   + . .        a - +1 long sword
rCold   . . .        (no shield)
rNeg    + . .        p - +2 robe "Usuige" {Will+}
rPois   .            c - +0 helmet
rElec   .            (no cloak)
rCorr   .            (no gloves)
SInv    .            (no boots)
Will    +....        (no amulet)
Stlth   ++           f - ring of positive energy
HPRegen 0.28/turn    g - ring of protection from fire
MPRegen 0.10/turn

%: no passive effects
@: no status effects
A: (nimble swimmer 2), mertail
a: no special abilities


You were on level 4 of the Dungeon.
You visited 1 branch of the dungeon, and saw 4 of its levels.

You collected 140 gold pieces.

Inventory:

Hand Weapons
 a - a +1 long sword (weapon)
Missiles
 d - 3 throwing nets (quivered)
 e - a javelin
Armour
 b - a +0 leather armour
 c - a +0 helmet (worn)
 p - the +2 robe "Usuige" (worn) {Will+}
   (You found it on level 3 of the Dungeon)

   Will+:     It increases your willpower.
Jewellery
 f - a ring of positive energy (left hand)
 g - a ring of protection from fire (right hand)
 j - a ring of positive energy
 l - a ring of wizardry
Scrolls
 i - a scroll of teleportation
Potions
 h - a potion of heal wounds {unknown}
 m - a potion of curing {unknown}
 o - a potion of enlightenment {unknown}


   Skills:
 + Level 4.0 Fighting
 * Level 6.5 Long Blades
 - Level 2.0 Throwing
 + Level 5.8 Dodging


You had 5 spell levels left.
You didn't know any spells.
Your spell library was empty.

Dungeon Overview and Level Annotations

Branches:
Dungeon (4/15)
 Temple: D:4-7

Altars:
Vehumet

Annotations:
D:4 Dowan, Duvessa


Innate Abilities, Weirdness & Mutations

((You are very nimble when in or above water. (Stealth+, EV+, Speed+++)))
Your lower body shifts to a powerful aquatic tail in water.


Message History

You hit the adder.
The adder is heavily wounded.
The adder bites you but does no damage.
You hit the adder.
The adder is almost dead.
The adder completely misses you. The adder closely misses you.
You miss the adder.
The adder is almost dead.
The adder closely misses you.
You slash the adder!
You kill the adder!
You barely miss Duvessa. Duvessa completely misses you.
Duvessa hits you but does no damage.
You hit Duvessa but do no damage. Duvessa hits you with a +0 rapier!
Dowan gestures wildly while chanting.
Dowan blinks!
Duvessa hits you with a +0 rapier.
You slash Duvessa!
Duvessa is moderately wounded.
Duvessa barely misses you.
You hit Duvessa.
Duvessa is moderately wounded.
Duvessa barely misses you. Duvessa hits you with a +0 rapier.
You slash Duvessa!
Duvessa is severely wounded.
Duvessa hits you with a +0 rapier.
You barely miss Duvessa.
Duvessa is severely wounded.
Duvessa hits you with a +0 rapier. Duvessa barely misses you.
You hit Duvessa but do no damage.
Duvessa is severely wounded.
Duvessa hits you with a +0 rapier. Duvessa hits you with a +0 rapier!
* * * LOW HITPOINT WARNING * * *
You hit Duvessa.
Duvessa is severely wounded.
Duvessa hits you with a +0 rapier.
* * * LOW HITPOINT WARNING * * *
Duvessa closely misses you. Duvessa completely misses you.
Duvessa hits you with a +0 rapier!
You die...

....###.# ####.##
#)......# #....# #
....#.### #.#### ..
##....## #.# ..
##.....####### ####.#
... #............#
#....# #..g
#........###.###
#.#### ###rgg.
#........#
#...#####.######..J.J.
#....<...#
###.)@e.e..†).##.##:..
#........#
######.####....# ..
.........# ###...#
#....# . ).......##
#...### #.##....#
.#.....## #####
#..#####.# ######..###
...## # ##...# .###
###.# # ###


You could see Duvessa (fast) and Dowan.

Vanquished Creatures
  Blork the orc (D:4)
  A hound (D:4)
  A jelly (D:3)
  An orc priest (D:3)
  An iguana (D:4)
  An orc wizard (D:3)
  5 adders
  A worm (D:2)
  5 orcs
  6 ball pythons
  3 endoplasms
  4 giant cockroaches
  4 goblins
  3 hobgoblins
  6 jackals (D:1)
  8 kobolds
  6 quokkas
  6 bats
  5 frilled lizards
  7 rats
75 creatures vanquished.

Notes
Turn   | Place    | Note
-------+----------+-------------------------------------------
     0 | D:1      | Nedwor the Merfolk Gladiator began the quest for the Orb.
     0 | D:1      | Reached XP level 1. HP: 16/16 MP: 1/1
   167 | D:1      | Reached XP level 2. HP: 23/23 MP: 2/2
   264 | D:1      | Reached skill level 4 in Long Blades
  1029 | D:1      | Reached XP level 3. HP: 28/28 MP: 3/3
  1558 | D:2      | Found a radiant altar of Vehumet.
  1673 | D:2      | Reached XP level 4. HP: 27/35 MP: 4/4
  2060 | D:2      | Reached skill level 5 in Long Blades
  2310 | D:3      | Identified the +2 robe "Usuige" {Will+}
  2339 | D:3      | Reached skill level 5 in Dodging
  2469 | D:3      | Reached XP level 5. HP: 22/41 MP: 5/5
  3156 | D:4      | Noticed Blork the orc
  3165 | D:4      | Killed Blork the orc
  3166 | D:4      | Reached skill level 6 in Long Blades
  3166 | D:4      | Reached XP level 6. HP: 20/48 MP: 6/6
  3654 | D:4      | Noticed Duvessa
  4636 | D:4      | Noticed Dowan
  4666 | D:4      | Slain by Duvessa

Illustrated notes

Levels and vault maps discovered:
D:1:      ncdulo_watergridlock, layout_basic, serial_bayou_lagoon_a, st_stairs_4
D:2:      layout_basic, basic_altar
D:3:      layout_loops_cross, moated_statue
D:4:      minmay_wonky_spiral, layout_rooms, sigmund_army, uniq_blork_the_orc,
          uniq_duvessa

Skill      XL: |  1  2  3  4  5  6 |
---------------+-------------------+-----
Long Blades    | 4 5 6 |  6.5
Fighting       | 3 4 |  4.0
Dodging        | 5 |  5.8
Throwing       | |  2.0

Action                     |  1- 3 |  4- 6 || total
---------------------------+-------+-------++-------
  Melee: Long sword        |   123 |   147 ||   270
         Punch             |     1 |     1 ||     2
    Use: Scroll            |       |     9 ||     9
   Stab: Sleeping          |       |     2 ||     2
 Armour: Leather armour    |    88 |    12 ||   100
         Robe              |       |    65 ||    65
  Dodge: Dodged            |   121 |   103 ||   224

Table legend: (Time is in decaauts)
 A = Elapsed time spent in this place.
 B = Non-inter-level travel time spent in this place.
 C = Inter-level travel time spent in this place.
 D = Time resting spent in this place.
 E = Time spent auto-exploring this place.
 F = Levels seen in this place.
 G = Mean time per level.
                   A        B        C        D        E       F      G
               +--------+--------+--------+--------+--------+-----+--------+
         Total |   4694 |   4633 |     61 |   1439 |   2581 |   4 | 1173.5 |
       Dungeon |   4694 |   4633 |     61 |   1439 |   2581 |   4 | 1173.5 |
               +--------+--------+--------+--------+--------+-----+--------+

Top non-repeatable levels by time:
     D:4: 1602 daAuts
     D:1: 1396 daAuts
     D:2: 927 daAuts
     D:3: 768 daAuts
